 Dungeon Crawl Stone Soup version 0.24-a0-525-g9231cdc (webtiles) character file.

Game seed: 2768313429433407059

114091 pkoi the Champion of Chaos (level 17, -16/135 HPs)
             Began as a Formicid Fighter on Aug 1, 2019.
             Was the Champion of Makhleb.
             Shot with an arrow by Vashnia (27 damage)
             ... on level 3 of the Snake Pit.
             The game lasted 01:01:12 (30951 turns).

pkoi the Champion of Chaos (Formicid Fighter)      Turns: 30951, Time: 01:01:12

Health: -16/135    AC: 19    Str: 32    XL:     17   Next: 20%
Magic:  29/29      EV:  9    Int: 11    God:    Makhleb [******]
Gold:   1379       SH: 16    Dex: 18    Spells: 16/16 levels left

rFire    + . .     SeeInvis +   y - +1 great sword (freeze)
rCold    + . .     Gourm    .   c - +1 shield
rNeg     . . .     Faith    .   o - +0 chain mail {rF+}
rPois    +         Spirit   .   (helmet unavailable)
rElec    +         Reflect  .   h - +1 cloak {MR+}
rCorr    .         Harm     .   g - +1 pair of gloves {Dex+3}
MR       ++...                  w - +0 pair of boots
Stlth    ..........             K - amulet of regeneration
HPRegen  0.72/turn              n - ring "Tutoguma" {rElec rC+ Int+2 Dex+5}
MPRegen  0.21/turn              k - ring of poison resistance

@: mighty
A: permanent stasis, dig shafts and tunnels, four strong arms, antennae 3
a: Dig, Shaft Self, Minor Destruction, Lesser Servant of Makhleb, Major
Destruction, Greater Servant of Makhleb, Renounce Religion


You were on level 3 of the Snake Pit.
You worshipped Makhleb.
Makhleb was exalted by your worship.
You were not hungry.

You visited 5 branches of the dungeon, and saw 28 of its levels.
You also visited: Ice Cave.

You collected 2192 gold pieces.
You spent 813 gold pieces at shops.

Inventory:

Hand Weapons
 a - a +1 long sword
 s - a +0 great sword
 y - a +1 great sword of freezing (weapon)
 P - a +4 scimitar of flaming
Armour
 c - a +1 shield (worn)
 g - a +1 pair of gloves of dexterity (worn)
 h - a +1 cloak of magic resistance (worn)
 o - a +0 chain mail of fire resistance (worn)
 w - a +0 pair of boots (worn)
Jewellery
 k - a ring of poison resistance (right hand)
 n - the ring "Tutoguma" (left hand) {rElec rC+ Int+2 Dex+5}
   (You bought it in a shop on level 1 of the Snake Pit)

   [ring of intelligence]

   It affects your intelligence (+2).
   It affects your dexterity (+5).
   It protects you from cold.
   It insulates you from electricity.
 q - an uncursed ring of protection from magic
 G - an uncursed amulet of guardian spirit
 K - an amulet of regeneration (around neck)
 M - a +4 ring of protection
Wands
 l - a wand of polymorph (7)
 p - a wand of scattershot (7)
 z - a wand of iceblast (20)
 F - a wand of paralysis (20)
 H - a wand of flame (35)
 I - a wand of acid (11)
 N - a wand of disintegration (25)
 R - a wand of digging (8)
Scrolls
 d - 3 scrolls of enchant armour
 e - a scroll of torment {unknown}
 j - 16 scrolls of identify
 m - 3 scrolls of magic mapping
 v - 6 scrolls of remove curse
 A - 4 scrolls of amnesia
 E - 2 scrolls of summoning
 J - 2 scrolls of enchant weapon
 L - 3 scrolls of fear
Potions
 b - 3 potions of flight
 i - 8 potions of curing
 r - 2 potions of magic
 t - 3 potions of heal wounds
 u - 2 potions of brilliance
 x - 3 potions of agility
 B - 4 potions of might
 D - 2 potions of mutation
 O - a potion of invisibility
 Q - a potion of cancellation
Miscellaneous
 C - a phantom mirror
Comestibles
 f - 46 rations
 S - 3 chunks of flesh


   Skills:
 + Level 12.8 Fighting
 + Level 15.9 Long Blades
 + Level 12.8 Armour
 - Level 14.5 Shields
 - Level 16.0 Invocations


You had 16 spell levels left.
You didn't know any spells.
Your spell library contained the following spells:

 Spells                   Type           Power        Failure   Level  Hunger
 Corona                   Hex            #......      75%         1    ##.....
 Flame Tongue             Conj/Fire      #....        75%         1    ##.....
 Freeze                   Ice            #...         75%         1    ##.....
 Infusion                 Chrm           #...         75%         1    ##.....
 Magic Dart               Conj           #...         75%         1    ##.....
 Shock                    Conj/Air       #...         75%         1    ##.....
 Call Imp                 Summ           #.......     86%         2    ###....
 Ensorcelled Hibernation  Hex/Ice        #.....       86%         2    ###....
 Poisonous Vapours        Pois/Air       #.....       86%         2    ###....
 Shroud of Golubria       Chrm/Tloc      #.....       86%         2    ###....
 Slow                     Hex            #.......     86%         2    ###....
 Song of Slaying          Chrm           #.......     86%         2    ###....
 Swiftness                Chrm/Air       #.......     86%         2    ###....
 Throw Flame              Conj/Fire      #.....       86%         2    ###....
 Throw Frost              Conj/Ice       #.....       86%         2    ###....
 Confuse                  Hex            #.......     98%         3    ####...
 Conjure Flame            Conj/Fire      #.......     98%         3    ####...
 Dazzling Spray           Conj/Hex       #.....       98%         3    ####...
 Ignite Poison            Fire/Tmut/Pois #.......     98%         3    ####...
 Inner Flame              Hex/Fire       #.......     98%         3    ####...
 Mephitic Cloud           Conj/Pois/Air  #.......     98%         3    ####...
 Ozocubu's Armour         Chrm/Ice       #.......     98%         3    ####...
 Regeneration             Chrm/Necr      #.........   98%         3    ####...
 Spectral Weapon          Hex/Chrm       #.......     98%         3    ####...
 Static Discharge         Conj/Air       #.......     98%         3    ####...
 Tukima's Dance           Hex            #.......     98%         3    ####...
 Airstrike                Air            #.........   100%        4    #####..
 Sticky Flame             Conj/Fire      #.......     100%        4    #####..
 Summon Ice Beast         Ice/Summ       #.......     100%        4    #####..
 Throw Icicle             Conj/Ice       #.......     100%        4    #####..
 Aura of Abjuration       Summ           #.........   100%        5    ######.
 Fireball                 Conj/Fire      #.........   100%        5    ######.
 Lightning Bolt           Conj/Air       #.........   100%        5    ######.
 Bolt of Fire             Conj/Fire      #.........   100%        6    #######
 Freezing Cloud           Conj/Ice/Air   #.........   100%        6    #######
 Ring of Flames           Chrm/Fire      #.........   100%        7    #######
 Ignition                 Fire           #.........   100%        8    #######
 Tornado                  Air            #.........   100%        9    #######
 Blink                    Tloc           Unusable     N/A         2    N/A

Dungeon Overview and Level Annotations

Branches:
Dungeon (15/15)            Temple (0/1) D:5            Lair (6/6) D:10
  Swamp (3/4) Lair:4        Snake (3/4) Lair:3        Slime (0/5) Lair:5
    Orc (0/2) D:10         Vaults (0/5) D:14         Depths (1/5) D:15

Altars:
Cheibriados
Dithmenos
Elyvilon
Gozag
Hepliaklqana
Kikubaaqudgha
Makhleb
Nemelex Xobeh
Okawaru
Ru
Trog
Uskayaw
Wu Jian
Xom
The Shining One

Shops:
D:7 %:   D:9 *   Snake:1 ==}   Snake:2 (

Portals:
Hell: Lair:6

Annotations:
D:9 1 runed translucent door, slambob's ghost, journeyman TrMo
Lair:3 1 runed translucent door, ezpacito's ghost, journeyman DsGl
Lair:6 2 transporters, Castrefui's ghost, journeyman DDNe
Snake:3 Vashnia


Innate Abilities, Weirdness & Mutations

You cannot be hasted, slowed, berserked, paralysed or teleported.
You can dig through walls and to a lower floor.
Your four strong arms can wield two-handed weapons with a shield.
You have a pair of large antennae on your head. (SInv)


Message History

Unknown command.
You open Vashnia like a pillowcase!!! You freeze Vashnia!
Vashnia is almost dead.
Vashnia spits poison at you. You block the splash of poison.
You closely miss Vashnia.
Vashnia is almost dead.
You miss Vashnia.
Vashnia is almost dead.
Vashnia shoots an arrow.
The arrow hits you!!!
* * * LOW HITPOINT WARNING * * *
You closely miss Vashnia.
Vashnia is almost dead.
Vashnia spits poison at you. You block the splash of poison.
Unknown command.
You miss Vashnia.
Vashnia is almost dead.
Vashnia shoots an arrow.
The arrow hits you!!
You die...

..#
#.#..............
..+..............
#............[.
##.............
##...(.#......
##..($##.....
##...# #....
####(.# #..#
#@#{{## +# ##N#{#
###{{{ #{#{#
#{#{#{ #{. .{ #.#
#{ #.. .N


You could see Vashnia.

Vanquished Creatures
  Gastronok (D:8)
  Aizul (Swamp:2)
  2 very ugly things (D:15)
  An ironheart preserver (D:14)
  2 ettins
  A fire dragon (D:15)
  Josephine (D:15)
  2 hydras
  2 naga warriors
  5 centaur warriors
  4 two-headed ogres
  4 alligators (Swamp:2)
  2 anacondas
  2 naga sharpshooters (Snake:1)
  2 shock serpents
  Nergalle (Lair:1)
  Sonja (Lair:2)
  A sixfirhy (Lair:6)
  A salamander mystic (Snake:3)
  3 unseen horrors
  A swamp dragon (Swamp:2)
  A wizard (Lair:6)
  A deep troll (D:14)
  3 naga ritualists
  8 mana vipers
  An orc knight (D:13)
  A necromancer (D:15)
  A wolf spider zombie (D:14)
  11 ugly things
  5 salamanders
  3 cyclopes
  A manticore (D:15)
  2 deep elf magi
  3 elephants
  3 guardian serpents
  18 black mambas
  5 naga magi
  3 gargoyles
  Psyche (D:12)
  An orange demon (Lair:6)
  4 rime drakes (Lair:6)
  15 spiny frogs
  3 yaktaurs (D:15)
  3 ice devils (Lair:6)
  An efreet (D:14)
  5 komodo dragons
  A hellwing (Lair:6)
  2 tengu conjurers
  A freezing wraith (D:15)
  9 trolls
  2 red devils (Lair:6)
  A merfolk (D:10)
  5 polar bears
  17 blink frogs
  4 tyrant leeches
  A hornet (D:13)
  10 hippogriffs
  5 bog bodies
  A dream sheep (Lair:2)
  8 slime creatures
  A vampire (D:15)
  2 shadows
  54 yaks
  5 wyverns
  7 wraiths
  3 fire bats (Lair:3)
  2 fire elementals
  Grum (D:8)
  8 basilisks
  A hungry ghost (D:9)
  A steam dragon (D:13)
  7 vampire mosquitoes
  22 nagas
  6 insubstantial wisps
  5 wargs
  A soldier ant (shapeshifter) (D:15)
  5 swamp worms
  Edmund (D:4)
  16 water moccasins
  2 acid dragons
  3 hell hounds (Lair:6)
  8 porcupines
  4 swamp drakes (Swamp:1)
  5 orc warriors
  5 ice beasts
  4 sky beasts
  A black bear (D:6)
  3 eyes of draining
  6 ogres
  2 phantoms
  4 boggarts
  A necrophage (D:8)
  21 centaurs
  15 crocodiles
  24 wolves
  26 bullfrogs
  2 wyvern zombies
  A wyvern skeleton (D:14)
  A scorpion (D:7)
  10 wights
  17 killer bees
  13 crimson imps
  4 howler monkeys
  A bullfrog zombie (D:8)
  6 lava snakes
  A quasit (D:10)
  4 centaur zombies
  4 jellies
  A gnoll shaman (D:6)
  2 bullfrog skeletons (D:10)
  4 hounds
  8 orc priests
  8 orc wizards
  Crazy Yiuf (D:3)
  5 centaur skeletons
  5 iguanas
  13 worker ants
  Ijyb (D:3)
  2 hell rats (Lair:6)
  2 killer bee zombies
  A hound skeleton (D:7)
  4 gnolls (D:4)
  A howler monkey skeleton (D:9)
  16 adders
  4 river rats (Lair:6)
  4 shadow imps
  3 oozes
  An adder zombie (D:6)
  A dart slug (D:6)
  3 leopard geckos
  27 orcs
  7 bats
  4 giant cockroaches
  11 goblins
  8 hobgoblins
  11 jackals
  9 kobolds
  5 quokkas
  4 ball pythons
  2 frilled lizards
  2 jackal zombies (D:6)
  A leopard gecko skeleton (D:3)
  A leopard gecko zombie (D:8)
  A quokka skeleton (D:8)
  11 rats
750 creatures vanquished.

Vanquished Creatures (collateral kills)
  5 hydras
  An elephant (Lair:6)
  A salamander (Snake:2)
  A spiny frog (Lair:3)
  A troll (D:10)
  A tyrant leech (Swamp:2)
  A slime creature (Swamp:1)
  3 yaks
  A swamp worm (Swamp:1)
  A swamp drake (Swamp:1)
  2 crocodiles (Lair:6)
  An electric eel (Lair:3)
  A rat (Lair:6)
20 creatures vanquished.

Vanquished Creatures (others)
  A salamander (Snake:3)
  A boggart (Depths:1)
  3 wolves (IceCv)
  A shadow imp (D:15)
  A butterfly (Lair:5)
  9 fungi
  2 plants (Lair:6)
18 creatures vanquished.

Grand Total: 788 creatures vanquished

Notes
Turn   | Place    | Note
-------+----------+-------------------------------------------
     0 | D:1      | pkoi the Formicid Fighter began the quest for the Orb.
     0 | D:1      | Reached XP level 1. HP: 18/18 MP: 1/1
    73 | D:1      | Reached XP level 2. HP: 24/24 MP: 2/2
   310 | D:1      | Reached XP level 3. HP: 28/29 MP: 3/3
  1421 | D:2      | Reached XP level 4. HP: 30/35 MP: 4/4
  1558 | D:2      | Found a burning altar of Makhleb.
  1568 | D:2      | Became a worshipper of Makhleb the Destroyer
  1861 | D:3      | Noticed Ijyb
  2237 | D:3      | Found an iron altar of Okawaru.
  2281 | D:3      | Found a shimmering altar of Xom.
  2306 | D:3      | Found an ancient bone altar of Kikubaaqudgha.
  2716 | D:4      | Reached skill level 1 in Invocations
  2732 | D:4      | Reached XP level 5. HP: 30/41 MP: 4/6
  2846 | D:4      | Reached skill level 2 in Invocations
  2872 | D:4      | Noticed Edmund
  2907 | D:4      | Killed Edmund
  2907 | D:4      | Reached skill level 5 in Long Blades
  2907 | D:4      | Reached skill level 3 in Invocations
  2907 | D:4      | Reached XP level 6. HP: 14/47 MP: 6/8
  3214 | D:4      | Found an ornate altar of the Wu Jian Council.
  3235 | D:4      | Reached skill level 4 in Invocations
  3553 | D:4      | Reached * piety under Makhleb
  3700 | D:4      | Reached XP level 7. HP: 39/52 MP: 10/10
  3961 | D:5      | Entered Level 5 of the Dungeon
  4037 | D:5      | Reached skill level 5 in Invocations
  4059 | D:5      | You fall into a shaft and drop 2 floors!
  4233 | D:5      | Found a shadowy altar of Dithmenos.
  4269 | D:5      | Reached XP level 8. HP: 24/58 MP: 12/12
  4520 | D:5      | Reached skill level 6 in Invocations
  4556 | D:5      | Found a staircase to the Ecumenical Temple.
  4944 | D:3      | Found a runed translucent door.
  4945 | D:3      | Noticed Crazy Yiuf
  4953 | D:3      | Killed Crazy Yiuf
  5229 | D:6      | Reached skill level 5 in Shields
  5251 | D:6      | Reached ** piety under Makhleb
  5251 | D:6      | Reached XP level 9. HP: 52/67 MP: 13/13
  5341 | D:6      | Reached skill level 5 in Fighting
  5341 | D:6      | Reached skill level 5 in Armour
  5795 | D:6      | Found a snail-covered altar of Cheibriados.
  6080 | D:7      | Found Fiumn's Food Shop.
  6090 | D:7      | Found Quof's Book Shoppe.
  6133 | D:7      | HP: 3/69 [poisoned by a killer bee]
  6134 | D:7      | You fall into a shaft and drop 1 floor!
  6646 | D:8      | Noticed Grum
  6665 | D:8      | Killed Grum
  6839 | D:8      | Reached XP level 10. HP: 77/77 MP: 14/14
  6912 | D:8      | Noticed Gastronok
  6956 | D:8      | Killed Gastronok
  7253 | D:8      | Reached *** piety under Makhleb
  7281 | D:8      | Found a sacrificial altar of Ru.
  7643 | D:7      | Found a white marble altar of Elyvilon.
  7691 | D:7      | Found a hide-covered altar of Uskayaw.
  7699 | D:7      | Found an opulent altar of Gozag.
  8047 | D:9      | Reached XP level 11. HP: 86/86 MP: 15/15
  8067 | D:9      | Found a hazy altar of Hepliaklqana.
  8208 | D:9      | Found Akeruege's Assorted Antiques.
  8272 | D:9      | Bought a potion of might for 124 gold pieces
  8446 | D:9      | Found a runed translucent door.
  8457 | D:9      | Found a shimmering altar of Xom.
  8457 | D:9      | Noticed slambob's ghost (journeyman TrMo)
  8457 | D:9      | Noticed a +2 rapier of chaos
  8671 | D:9      | Found a shadowy altar of Dithmenos.
  8905 | D:10     | Entered Level 10 of the Dungeon
  8963 | D:10     | Reached **** piety under Makhleb
  9069 | D:10     | Reached skill level 7 in Invocations
  9319 | D:10     | Found a staircase to the Orcish Mines.
  9346 | D:10     | Reached skill level 10 in Long Blades
  9506 | D:10     | Reached skill level 10 in Shields
  9597 | D:10     | Reached skill level 8 in Invocations
  9604 | D:10     | Found a staircase to the Lair.
  9838 | D:10     | You fall into a shaft and drop 1 floor!
  9838 | D:11     | Found a frozen archway.
  9895 | IceCv    | Entered an ice cave
  9966 | IceCv    | Reached ***** piety under Makhleb
  9980 | IceCv    | Reached skill level 9 in Invocations
  9980 | IceCv    | Reached XP level 12. HP: 47/92 MP: 18/18
 10772 | D:11     | Noticed a two-headed ogre
 10785 | D:11     | Killed a two-headed ogre
 10785 | D:11     | Reached skill level 10 in Invocations
 11039 | D:10     | Noticed an unseen horror
 11053 | D:10     | Killed an unseen horror
 12009 | D:12     | Reached skill level 11 in Invocations
 12047 | D:12     | Reached XP level 13. HP: 98/98 MP: 13/21
 12419 | D:12     | Noticed Psyche
 12425 | D:12     | Killed Psyche
 12589 | Lair:1   | Entered Level 1 of the Lair of Beasts
 12730 | Lair:1   | Noticed Nergalle
 12773 | Lair:1   | Killed Nergalle
 13136 | Lair:1   | You fall into a shaft and drop 1 floor!
 13153 | Lair:2   | Noticed Sonja
 13379 | Lair:2   | Reached skill level 12 in Invocations
 13853 | Lair:2   | Noticed a five-headed hydra
 13855 | Lair:2   | Reached ****** piety under Makhleb
 13874 | Lair:2   | Killed a ten-headed hydra
 14200 | Lair:3   | Noticed an eight-headed hydra
 14220 | Lair:3   | Killed an eight-headed hydra
 14478 | Lair:3   | Found a runed translucent door.
 14478 | Lair:3   | Found a shimmering altar of Xom.
 14478 | Lair:3   | Noticed ezpacito's ghost (journeyman DsGl)
 14513 | Lair:3   | Found a staircase to the Snake Pit.
 14990 | Lair:3   | Reached XP level 14. HP: 102/105 MP: 19/23
 14997 | Lair:3   | Got an ichor-stained scimitar
 14998 | Lair:3   | Identified the +5 scimitar of Zuxax {holy, Fragile rF+ rN+
                  | Str+3} (You found it on level 3 of the Lair of Beasts)
 15066 | Lair:2   | Killed Sonja
 15066 | Lair:2   | Reached skill level 13 in Invocations
 15399 | D:3      | Killed Ijyb
 16238 | Lair:4   | Found a staircase to the Swamp.
 17388 | Lair:5   | Found a staircase to the Slime Pits.
 17938 | Lair:6   | Entered Level 6 of the Lair of Beasts
 18424 | Lair:6   | Found a transporter.
 18426 | Lair:6   | Found a transporter.
 18877 | Lair:6   | Reached skill level 14 in Invocations
 19471 | Lair:6   | Found a burning altar of Makhleb.
 19481 | Lair:6   | Reached XP level 15. HP: 114/114 MP: 21/25
 19615 | Lair:6   | Found a gateway to Hell.
 19845 | Lair:6   | Noticed Castrefui's ghost (journeyman DDNe)
 19848 | Lair:6   | Found a bloodstained altar of Trog.
 19848 | Lair:6   | Identified the +6 trident "Kojost" {antimagic, +Blink
                  | Stlth+}
 20570 | D:13     | Found a sparkling altar of Nemelex Xobeh.
 21268 | D:14     | Reached skill level 10 in Armour
 21655 | D:14     | Reached skill level 10 in Fighting
 22217 | D:14     | Found a gate to the Vaults.
 22217 | D:14     | Noticed an ironheart preserver
 22246 | D:14     | Killed an ironheart preserver
 22809 | D:15     | Entered Level 15 of the Dungeon
 22985 | D:14     | Reached skill level 15 in Invocations
 23287 | D:14     | HP: 3/117 [ettin/+1 dire flail of protection (11)]
 23886 | D:15     | Found a glowing golden altar of the Shining One.
 23892 | D:15     | Noticed Josephine
 23921 | D:15     | Killed Josephine
 24124 | D:15     | Found a staircase to the Depths.
 24360 | Depths:1 | Entered Level 1 of the Depths
 24483 | Depths:1 | Noticed a stone giant
 24490 | D:15     | Reached XP level 16. HP: 104/125 MP: 21/27
 25021 | D:15     | Reached skill level 15 in Long Blades
 25505 | Swamp:1  | Entered Level 1 of the Swamp
 27064 | Swamp:2  | Noticed Aizul
 27185 | Swamp:2  | Killed Aizul
 28320 | Snake:1  | Entered Level 1 of the Snake Pit
 28369 | Snake:1  | Reached skill level 16 in Invocations
 28776 | Snake:1  | Identified Nizxozuz's Collected Works on Gliding Summoning
 29501 | Snake:1  | Found Roineogot's Gadget Emporium.
 29501 | Snake:1  | Found Nulairul's Jewellery Shop.
 29502 | Snake:1  | Found Cyant's Jewellery Shop.
 29507 | Snake:1  | Bought a cursed amulet of inaccuracy for 26 gold pieces
 29514 | Snake:1  | Bought the ring "Tutoguma" {rElec rC+ Int+2 Dex+5} for 663
                  | gold pieces
 29872 | Snake:2  | Found Refeal's Weapon Shoppe.
 30331 | Snake:2  | Reached XP level 17. HP: 135/135 MP: 29/29
 30917 | Snake:3  | Noticed Vashnia
 30951 | Snake:3  | Shot with an arrow by Vashnia

Levels and vault maps discovered:
D:1:      lemuel_arrival_cross, layout_basic
D:2:      layout_loops_corners, lemuel_doored_altar, first_ration,
          minmay_tetromino_o2
D:3:      layout_basic, okawaru_trees_1, lemuel_round_altar, old_standard_altar,
          chequers_serial_rivers_small_a, kennysheep_generic_room_3, uniq_ijyb,
          uniq_crazy_yiuf_cottage
D:4:      layout_basic, old_standard_altar, uniq_edmund
D:5:      layout_loops_ring, minmay_temple_entry_purple_smoke, basic_altar
D:6:      minmay_recursive_quarters, layout_basic, kennysheep_slug_shrine
D:7:      layout_cave_pools, elyvilon_altar_3, minitemple, serial_shops, shop,
          shop, chequers_serial_rivers_small_a
D:8:      layout_rooms, overflow_temple_1_default, uniq_grum, uniq_gastronok
D:9:      layout_basic, overflow_temple_1_default, lemuel_round_altar,
          serial_shops, nicolae_shop_waterfront, ebering_ghost_xom
D:10:     layout_basic, david_lair_generic, minmay_orc_entry_guard_dogs,
          hangedman_fish_farm
D:11:     layout_loops_cross, portal_ice_cave_entry_pillars_1
D:12:     layout_loops_ring, uniq_psyche
D:13:     layout_stronghold, basic_altar
D:14:     layout_layer_cave, skrybe_vaults_entry_preservation,
          hangedman_decor_growths, minmay_misc_feat_tower
D:15:     hangedman_depths_entry_civil_slaughter, layout_irregular_city,
          tso_metal_star, minmay_misc_feat_four_crosses, uniq_josephine
Lair:1:   layout_regular_city, uniq_nergalle
Lair:2:   layout_misc_corridors, columned_hall_lemuel, nzn_random_ring,
          infiniplex_staircase_pool_2, lemuel_fruit_fields, uniq_sonja
Lair:3:   layout_gridlike, minmay_snake_entry_guardpost_small,
          ebering_ghost_xom, minmay_holes, serial_bayou_ford_a
Lair:4:   layout_hall_layers, skrybe_swamp_entry_bodies
Lair:5:   layout_gridlike, nicolae_slime_entry_slimehenge, minivault_25,
          grunt_forest_small_clearings, serial_bayou_shore_a,
          serial_bayou_shore_b, lemuel_fruit_fields
Lair:6:   evil_forest, layout_gridlike, gammafunk_ghost_wrathful_warriors,
          kennysheep_abandoned_house
Swamp:1:  layout_basic_swamp, nicolae_swamp_fairy_circle, swamp_pool5
Swamp:2:  layout_basic_swamp, evilmike_swamp_ruin_house_2, uniq_aizul
Swamp:3:  layout_basic_swamp, evilmike_swamp_ruin_house_3, swamp_pool2
Snake:1:  layout_layer_cave, nrook_guardian_serpent_double, minmay_shop_grove
Snake:2:  layout_rooms, serial_shops, nicolae_shop_waterfront,
          nicolae_snake_lava_pool
Snake:3:  layout_gridlike, grunt_ministairs_15, st_stairs_10, uniq_vashnia
Depths:1: layout_roguey, abyss_entry, dk_noncrumbling_3,
          grunt_hell_entry_demonic_statue, minmay_crystal_room,
          nrook_mini_backslash, bh_walls_and_bars, grunt_megastairs_5,
          firewood_loft

Skill      XL: |  1  2  3  4  5  6  7  8  9 10 11 12 13 14 15 16 |
---------------+-------------------------------------------------+-----
Long Blades    | 3 4 5 6 7 8 9 10 11 13 14 15 | 15.9
Invocations    | 1 3 4 5 6 9 11 12 14 15 16 | 16.0
Shields        | 5 7 8 10 12 14 | 14.5
Fighting       | 4 6 8 9 11 12 | 12.8
Armour         | 4 6 8 9 11 12 | 12.8

Action                   |  1- 3 |  4- 6 |  7- 9 | 10-12 | 13-15 | 16-18 || total
-------------------------+-------+-------+-------+-------+-------+-------++-------
Melee: Long sword        |   126 |   110 |   194 |       |       |       ||   430
       Great sword       |       |       |   115 |   663 |   612 |   685 ||  2075
       Scimitar          |       |       |       |       |   854 |       ||   854
Invok: Minor Destruction |       |       |     3 |       |       |       ||     3
       Lesser Servant of |       |       |       |     1 |    20 |     7 ||    28
 Abil: Dig               |       |     3 |     5 |     6 |     5 |     5 ||    24
       Shaft Self        |       |       |     1 |       |       |       ||     1
  Use: Scroll            |     4 |     1 |     5 |     9 |     7 |     1 ||    27
       Potion            |     1 |     2 |     6 |     1 |     1 |     1 ||    12
 Stab: Distracted        |       |       |       |       |     2 |     2 ||     4
  Eat: Chunk             |     2 |     8 |    11 |    15 |    34 |     9 ||    79
       Ration            |       |       |       |     2 |     2 |     4 ||     8
Armor: Scale mail        |    45 |    32 |       |       |       |       ||    77
       Chain mail        |       |     6 |   177 |   280 |   482 |   192 ||  1137
Dodge: Dodged            |    38 |    23 |    81 |   188 |   343 |   164 ||   837
Block: Shield            |    72 |    49 |   199 |   512 |  1116 |   473 ||  2421
       Rpst.: Long sword |     8 |     9 |    17 |       |       |       ||    34
       Great sword       |       |       |    11 |    53 |    32 |    32 ||   128
       Scimitar          |       |       |       |       |    42 |       ||    42

Table legend:
 A = Non-vault XP
 B = Vault XP
 C = Vault XP percentage of total XP
 D = Non-vault monster count
 E = Vault monster count
 F = Vault count percentage of total count
                 A         B        C        D         E       F
            +---------+---------+-------+---------+---------+-------
      Total |  120568 |   42420 |  26.0 |     626 |     145 |  18.8
            +---------+---------+-------+---------+---------+-------
        D:1 |      39 |       0 |   0.0 |      24 |       0 |   0.0
        D:2 |      37 |       4 |   9.8 |      19 |       2 |   9.5
        D:3 |      14 |      75 |  84.3 |       9 |       2 |  18.2
        D:4 |     365 |     164 |  31.0 |      14 |       1 |   6.7
        D:5 |     419 |       0 |   0.0 |       9 |       0 |   0.0
        D:6 |    1204 |     568 |  32.1 |      26 |      10 |  27.8
        D:7 |     968 |       0 |   0.0 |      16 |       0 |   0.0
        D:8 |     631 |    2920 |  82.2 |      12 |       5 |  29.4
        D:9 |    1303 |       0 |   0.0 |      37 |       0 |   0.0
       D:10 |    4376 |    1630 |  27.1 |      33 |       8 |  19.5
       D:11 |    5945 |       0 |   0.0 |      42 |       0 |   0.0
       D:12 |    7205 |     576 |   7.4 |      39 |       2 |   4.9
       D:13 |    4203 |       0 |   0.0 |      21 |       0 |   0.0
       D:14 |    8250 |    6413 |  43.7 |      28 |      11 |  28.2
       D:15 |    9607 |   10264 |  51.7 |      35 |      16 |  31.4
     Lair:1 |    1692 |     808 |  32.3 |       9 |       1 |  10.0
     Lair:2 |    3665 |    3730 |  50.4 |      23 |      11 |  32.4
     Lair:3 |    9635 |     646 |   6.3 |      47 |       4 |   7.8
     Lair:4 |    4529 |     253 |   5.3 |      22 |       1 |   4.3
     Lair:5 |    6039 |      99 |   1.6 |      27 |       4 |  12.9
     Lair:6 |    7377 |    8899 |  54.7 |      30 |      38 |  55.9
    Swamp:1 |    4816 |     406 |   7.8 |      19 |       3 |  13.6
    Swamp:2 |   10449 |    1147 |   9.9 |      23 |       1 |   4.2
    Snake:1 |   10512 |     897 |   7.9 |      23 |       2 |   8.0
    Snake:2 |    7159 |    1037 |  12.7 |      16 |      13 |  44.8
    Snake:3 |   10012 |       0 |   0.0 |      22 |       0 |   0.0
   Depths:1 |     117 |       0 |   0.0 |       1 |       0 |   0.0
      IceCv |       0 |    1884 | 100.0 |       0 |      10 | 100.0
            +---------+---------+-------+---------+---------+-------
